TOP OF THE 1ST |
West Michigan Whitecaps batting - Pitching for Bowling Green Hot Rods : LHP Dave Lindsay
|
Pitching: LHP Dave Lindsay
|
|
Batting: LHB Timotheus Young
|
0-0: Called Strike 0-1: Called Strike 0-2: Strikes out looking
|
Batting: RHB Yankel Pensak
|
0-0: Ball 1-0: Called Strike 1-1: Foul Ball, location: 2F 1-2: Ball 2-2: Strikes out swinging
|
Batting: RHB Eric Angelle
|
0-0: Ground out 5-3 (Groundball, 15, EV 86.2 MPH)
|
Top of the 1st over - 0 runs, 0 hits, 0 errors, 0 left on base; West Michigan 0 - Bowling Green 0 |
BOTTOM OF THE 1ST |
Bowling Green Hot Rods batting - Pitching for West Michigan Whitecaps : RHP Andy Thoennes
|
Pitching: RHP Andy Thoennes
|
|
Batting: SHB Luis Verduzco
|
0-0: Ball 1-0: Foul Ball, location: 2F 1-1: Ball 2-1: SINGLE (Groundball, 4MD, EV 106.2 MPH) (infield hit)
|
Batting: LHB Sean Banks
|
0-0: Ball Luis Verduzco steals 2nd base 1-0: 2-RUN HOME RUN (Flyball, 9LD, EV 92.5 MPH), Distance : 344 ft
|
Batting: RHB Dermott Kennelly
|
0-0: Swinging Strike 0-1: Foul Ball, location: 2F 0-2: Fly out, F7 (Flyball, 7S, EV 87.5 MPH)
|
Batting: LHB Rocky Crowley
|
0-0: Ball 1-0: Fly out, F7 (Flyball, 7S, EV 90.0 MPH)
|
Batting: RHB Tim Dower
|
0-0: Ball 1-0: Swinging Strike 1-1: Ball 2-1: Ball 3-1: Called Strike 3-2: Base on Balls
|
Batting: RHB Jim Erdody
|
0-0: SINGLE (Groundball, 6D, EV 99.4 MPH) Tim Dower to second
|
Batting: RHB Dave Valdez
|
0-0: Ground out 5-3 (Groundball, 56S, EV 85.6 MPH)
|
Bottom of the 1st over - 2 runs, 3 hits, 0 errors, 2 left on base; West Michigan 0 - Bowling Green 2 |
TOP OF THE 2ND |
West Michigan Whitecaps batting - Pitching for Bowling Green Hot Rods : LHP Dave Lindsay
|
Batting: RHB Ernst Meloche
|
0-0: Ball 1-0: Foul Ball, location: 2F 1-1: Ball 2-1: Ball 3-1: Base on Balls
|
Batting: LHB George Moran
|
0-0: Foul Ball, location: 2F 0-1: Ball 1-1: Ground out 4-3 (Groundball, 34S, EV 71.9 MPH) Ernst Meloche to second
|
Batting: RHB Aaron Cusick
|
0-0: Ball 1-0: SINGLE (Line Drive, 8LS, EV 88.8 MPH) Ernst Meloche to third
|
Batting: RHB Kevin Steed
|
0-0: Fly out, F5 (Flyball, 5D, EV 92.5 MPH)
|
Batting: RHB Jeremiah Washington
|
0-0: Called Strike 0-1: Ground out 6-3 (Groundball, 6S, EV 78.8 MPH)
|
Top of the 2nd over - 0 runs, 1 hit, 0 errors, 2 left on base; West Michigan 0 - Bowling Green 2 |
BOTTOM OF THE 2ND |
Bowling Green Hot Rods batting - Pitching for West Michigan Whitecaps : RHP Andy Thoennes
|
Batting: LHB Eduardo Lopez
|
0-0: Hit by Pitch
|
Batting: RHB Bogumil Filipowski
|
0-0: Called Strike 0-1: Ball 1-1: Called Strike 1-2: Fly out, F8 (Flyball, 8RM, EV 86.9 MPH)
|
Batting: SHB Luis Verduzco
|
0-0: SINGLE (Groundball, 34S, EV 89.4 MPH) (infield hit) Eduardo Lopez to second
|
Batting: LHB Sean Banks
|
0-0: Ball 1-0: Swinging Strike 1-1: Foul Ball, location: 2F 1-2: Strikes out swinging
|
Batting: RHB Dermott Kennelly
|
0-0: Ball 1-0: Foul Ball, location: 2F 1-1: 3-RUN HOME RUN (Flyball, 78XD, EV 103.1 MPH), Distance : 424 ft
|
Batting: LHB Rocky Crowley
|
0-0: Ball 1-0: Swinging Strike 1-1: Ball 2-1: Swinging Strike 2-2: Strikes out swinging
|
Bottom of the 2nd over - 3 runs, 2 hits, 0 errors, 0 left on base; West Michigan 0 - Bowling Green 5 |
TOP OF THE 3RD |
West Michigan Whitecaps batting - Pitching for Bowling Green Hot Rods : LHP Dave Lindsay
|
Batting: RHB Mike Sebastian
|
0-0: Ground out 5-3 (Groundball, 56, EV 76.9 MPH)
|
Batting: LHB Timotheus Young
|
0-0: Ball 1-0: Swinging Strike 1-1: SINGLE (Groundball, 4MD, EV 101.2 MPH)
|
Batting: RHB Yankel Pensak
|
0-0: Ball 1-0: Ball 2-0: Ball 3-0: Fielders Choice at 2nd, 2-6 (Groundball, 13S, EV 71.2 MPH)
|
Batting: RHB Eric Angelle
|
0-0: Ball Wild Pitch! Yankel Pensak to second 1-0: Ball 2-0: Fly out, F8 (Flyball, 78M, EV 85.6 MPH)
|
Top of the 3rd over - 0 runs, 1 hit, 0 errors, 1 left on base; West Michigan 0 - Bowling Green 5 |
BOTTOM OF THE 3RD |
Bowling Green Hot Rods batting - Pitching for West Michigan Whitecaps : RHP Andy Thoennes
|
Batting: RHB Tim Dower
|
0-0: Called Strike 0-1: Fly out, F8 (Flyball, 8RS, EV 82.5 MPH)
|
Batting: RHB Jim Erdody
|
0-0: Ball 1-0: Called Strike 1-1: Ball 2-1: Foul Ball, location: 2F 2-2: SINGLE (Line Drive, 8RS, EV 110.6 MPH)
|
Batting: RHB Dave Valdez
|
0-0: Called Strike 0-1: Foul Ball, location: 2F 0-2: Ball 1-2: Ball 2-2: Strikes out swinging
|
Batting: LHB Eduardo Lopez
|
0-0: Called Strike 0-1: Called Strike 0-2: Ball 1-2: Ball 2-2: Strikes out swinging
|
Bottom of the 3rd over - 0 runs, 1 hit, 0 errors, 1 left on base; West Michigan 0 - Bowling Green 5 |
TOP OF THE 4TH |
West Michigan Whitecaps batting - Pitching for Bowling Green Hot Rods : LHP Dave Lindsay
|
Batting: RHB Ernst Meloche
|
0-0: Ball 1-0: Ground out 5-3 (Groundball, 5, EV 105.6 MPH)
|
Batting: LHB George Moran
|
0-0: Swinging Strike 0-1: Ball 1-1: Fly out, F7 (Flyball, 7S, EV 95.6 MPH)
|
Batting: RHB Aaron Cusick
|
0-0: Ball 1-0: Swinging Strike 1-1: Ball 2-1: Ball 3-1: Ground out 6-3 (Groundball, 6, EV 80.6 MPH)
|
Top of the 4th over - 0 runs, 0 hits, 0 errors, 0 left on base; West Michigan 0 - Bowling Green 5 |
BOTTOM OF THE 4TH |
Bowling Green Hot Rods batting - Pitching for West Michigan Whitecaps : RHP Andy Thoennes
|
Batting: RHB Bogumil Filipowski
|
0-0: Ball 1-0: Ball 2-0: Swinging Strike 2-1: Foul Ball, location: 2F 2-2: Ball 3-2: Foul Ball, location: 2F 3-2: Strikes out swinging
|
Batting: SHB Luis Verduzco
|
0-0: Ball 1-0: Called Strike 1-1: Foul Ball, location: 2F 1-2: Strikes out swinging
|
Batting: LHB Sean Banks
|
0-0: Called Strike 0-1: Ball 1-1: Swinging Strike 1-2: Fly out, F7 (Flyball, 78S, EV 73.8 MPH)
|
Bottom of the 4th over - 0 runs, 0 hits, 0 errors, 0 left on base; West Michigan 0 - Bowling Green 5 |
TOP OF THE 5TH |
West Michigan Whitecaps batting - Pitching for Bowling Green Hot Rods : LHP Dave Lindsay
|
Batting: RHB Kevin Steed
|
0-0: Ground out 5-3 (Groundball, 5, EV 103.8 MPH)
|
Batting: RHB Jeremiah Washington
|
0-0: Ground out 5-3 (Groundball, 56S, EV 67.5 MPH)
|
Batting: RHB Mike Sebastian
|
0-0: Fly out, F9 (Flyball, 9LS, EV 87.5 MPH)
|
Top of the 5th over - 0 runs, 0 hits, 0 errors, 0 left on base; West Michigan 0 - Bowling Green 5 |
BOTTOM OF THE 5TH |
Bowling Green Hot Rods batting - Pitching for West Michigan Whitecaps : RHP Andy Thoennes
|
Pitching: RHP Juan Murillo
|
|
Batting: RHB Dermott Kennelly
|
0-0: Ball 1-0: Foul Ball, location: 2F 1-1: Swinging Strike 1-2: Ground out 6-3 (Groundball, 6, EV 100.6 MPH)
|
Batting: LHB Rocky Crowley
|
0-0: Called Strike 0-1: SINGLE (Line Drive, 89S, EV 96.9 MPH)
|
Batting: RHB Tim Dower
|
0-0: Called Strike 0-1: Swinging Strike 0-2: Ball 1-2: Ball 2-2: Ball 3-2: Base on Balls Rocky Crowley to second
|
Batting: RHB Jim Erdody
|
0-0: Ball 1-0: Foul Ball, location: 2F 1-1: Ball 2-1: Grounds into double play, 5-4-3 (Groundball, 5, EV 88.1 MPH)
|
Bottom of the 5th over - 0 runs, 1 hit, 0 errors, 1 left on base; West Michigan 0 - Bowling Green 5 |
TOP OF THE 6TH |
West Michigan Whitecaps batting - Pitching for Bowling Green Hot Rods : LHP Dave Lindsay
|
Batting: LHB Timotheus Young
|
0-0: Swinging Strike 0-1: Ball 1-1: Ball 2-1: Foul Ball, location: 2F 2-2: Ground out 4-3 (Groundball, 4, EV 96.2 MPH)
|
Batting: RHB Yankel Pensak
|
0-0: Called Strike 0-1: Called Strike 0-2: Ball 1-2: Ground out 5-3 (Groundball, 56S, EV 70.0 MPH)
|
Batting: RHB Eric Angelle
|
0-0: Swinging Strike 0-1: Foul Ball, location: 2F 0-2: Strikes out swinging
|
Top of the 6th over - 0 runs, 0 hits, 0 errors, 0 left on base; West Michigan 0 - Bowling Green 5 |
BOTTOM OF THE 6TH |
Bowling Green Hot Rods batting - Pitching for West Michigan Whitecaps : RHP Juan Murillo
|
Batting: RHB Dave Valdez
|
0-0: Ball 1-0: Called Strike 1-1: Ball 2-1: Fly out, F7 (Flyball, 7LS, EV 83.1 MPH)
|
Batting: LHB Eduardo Lopez
|
0-0: Swinging Strike 0-1: Ground out 4-3 (Groundball, 4S, EV 70.0 MPH)
|
Batting: RHB Bogumil Filipowski
|
0-0: Ground out 3-1 (Groundball, 34S, EV 86.9 MPH)
|
Bottom of the 6th over - 0 runs, 0 hits, 0 errors, 0 left on base; West Michigan 0 - Bowling Green 5 |
TOP OF THE 7TH |
West Michigan Whitecaps batting - Pitching for Bowling Green Hot Rods : LHP Dave Lindsay
|
Batting: RHB Ernst Meloche
|
0-0: Called Strike 0-1: Ball 1-1: Swinging Strike 1-2: Ground out 6-3 (Groundball, 6D, EV 103.8 MPH)
|
Batting: LHB George Moran
|
0-0: Ball 1-0: Ball 2-0: Ball 3-0: Called Strike 3-1: Base on Balls
|
Batting: RHB Aaron Cusick
|
0-0: Called Strike George Moran steals 2nd base (no throw) 0-1: Ball 1-1: Ball 2-1: Ball 3-1: DOUBLE (Line Drive, 7LS, EV 93.8 MPH) George Moran scores
|
Batting: RHB Kevin Steed
|
0-0: Ball 1-0: Foul Ball, location: 2F 1-1: Foul Ball, location: 2F 1-2: Ball 2-2: SINGLE (Groundball, 4S, EV 68.1 MPH) (infield hit) Aaron Cusick to third
|
Batting: RHB Jeremiah Washington
|
0-0: Foul Ball, location: 2F 0-1: Ball 1-1: Foul Ball, location: 2F 1-2: Foul Ball, location: 2F 1-2: SINGLE (Line Drive, 78S, EV 90.6 MPH) Aaron Cusick scores Kevin Steed to second
|
Batting: RHB Mike Sebastian
|
0-0: Swinging Strike 0-1: Ball 1-1: Called Strike 1-2: Foul Ball, location: 2F 1-2: Strikes out swinging
|
Pinch Hitting: SHB Sean Foley
|
0-0: Foul Ball, location: 2F 0-1: Foul Ball, location: 2F 0-2: Strikes out looking
|
Top of the 7th over - 2 runs, 3 hits, 0 errors, 2 left on base; West Michigan 2 - Bowling Green 5 |
BOTTOM OF THE 7TH |
Bowling Green Hot Rods batting - Pitching for West Michigan Whitecaps : RHP Juan Murillo
|
Now in CF: Joe Zimmerman
|
|
Batting: SHB Luis Verduzco
|
0-0: Fly out, F7 (Flyball, 7LM, EV 90.6 MPH)
|
Batting: LHB Sean Banks
|
0-0: Hit by Pitch
|
Batting: RHB Dermott Kennelly
|
0-0: Called Strike 0-1: Reached on error, E5 (Groundball, 56D, EV 105.6 MPH) Sean Banks to second
|
Batting: LHB Rocky Crowley
|
0-0: Called Strike 0-1: SINGLE (Groundball, 3S, EV 66.9 MPH) (infield hit) Sean Banks to third Dermott Kennelly to second
|
Batting: RHB Tim Dower
|
0-0: Ball 1-0: Swinging Strike 1-1: Foul Ball, location: 2F 1-2: Grounds into fielders choice 4-2 (Groundball, 4, EV 76.9 MPH) Dermott Kennelly to third Rocky Crowley to second
|
Batting: RHB Jim Erdody
|
0-0: Swinging Strike 0-1: Ball 1-1: Called Strike 1-2: SINGLE (Groundball, 4MD, EV 100.6 MPH) Dermott Kennelly scores Rocky Crowley to third Tim Dower to second Runner from 3rd tries for Home, throw by CF and OUT! 8-2
|
Bottom of the 7th over - 1 run, 2 hits, 1 error, 2 left on base; West Michigan 2 - Bowling Green 6 |
TOP OF THE 8TH |
West Michigan Whitecaps batting - Pitching for Bowling Green Hot Rods : LHP Dave Lindsay
|
Batting: RHB Yankel Pensak
|
0-0: Ground out 6-3 (Groundball, 6M, EV 103.8 MPH)
|
Batting: RHB Eric Angelle
|
0-0: Called Strike 0-1: Foul Ball, location: 2F 0-2: Ball 1-2: Ball 2-2: Foul Ball, location: 2F 2-2: Ball 3-2: Ground out 4-3 (Groundball, 4, EV 79.4 MPH)
|
Batting: RHB Ernst Meloche
|
0-0: Ball 1-0: Ball 2-0: Foul Ball, location: 2F 2-1: Swinging Strike 2-2: Foul Ball, location: 2F 2-2: Strikes out swinging
|
Top of the 8th over - 0 runs, 0 hits, 0 errors, 0 left on base; West Michigan 2 - Bowling Green 6 |
BOTTOM OF THE 8TH |
Bowling Green Hot Rods batting - Pitching for West Michigan Whitecaps : RHP Juan Murillo
|
Pitching: RHP Juan Cornejo
|
|
Batting: RHB Dave Valdez
|
0-0: Called Strike 0-1: Ball 1-1: Foul Ball, location: 2F 1-2: Ball 2-2: Strikes out swinging
|
Batting: LHB Eduardo Lopez
|
0-0: Ball 1-0: Foul Ball, location: 2F 1-1: Swinging Strike 1-2: Strikes out swinging, 2-3 out at first.
|
Batting: RHB Bogumil Filipowski
|
0-0: Called Strike 0-1: Foul Ball, location: 2F 0-2: Strikes out looking
|
Bottom of the 8th over - 0 runs, 0 hits, 0 errors, 0 left on base; West Michigan 2 - Bowling Green 6 |
TOP OF THE 9TH |
West Michigan Whitecaps batting - Pitching for Bowling Green Hot Rods : LHP Dave Lindsay
|
Pitching: RHP J.P. Tesauro
|
|
Batting: LHB George Moran
|
0-0: Foul Ball, location: 2F 0-1: Ball 1-1: Foul Ball, location: 2F 1-2: Foul Ball, location: 2F 1-2: Foul Ball, location: 2F 1-2: Foul Ball, location: 2F 1-2: Strikes out swinging
|
Batting: RHB Aaron Cusick
|
0-0: Ball 1-0: Foul Ball, location: 2F 1-1: Foul Ball, location: 2F 1-2: DOUBLE (Groundball, 5L, EV 108.8 MPH)
|
Batting: RHB Kevin Steed
|
0-0: Ball 1-0: Ball 2-0: Foul Ball, location: 2F 2-1: Foul Ball, location: 2F 2-2: Foul Ball, location: 2F 2-2: Foul Ball, location: 2F 2-2: Ball 3-2: Base on Balls
|
Batting: RHB Jeremiah Washington
|
0-0: Ball 1-0: Called Strike 1-1: Foul Ball, location: 2F 1-2: Reached on error, E6 (Groundball, 56D, EV 86.9 MPH) Aaron Cusick to third Kevin Steed to second
|
Pinch Hitting: LHB Brad Gaskill
|
0-0: Hit by Pitch Aaron Cusick scores Kevin Steed to third Jeremiah Washington to second
|
Batting: RHB Joe Zimmerman
|
0-0: Called Strike 0-1: Ball 1-1: Ball 2-1: Ball 3-1: Fly out, F9 (Flyball, 9, EV 85.6 MPH)
|
Pitching: RHP Chris Harman
|
|
Now at 2B: Jesus Carrillo
|
|
Now in RF: Angel Ruvalcaba
|
|
Batting: RHB Yankel Pensak
|
0-0: Called Strike 0-1: Called Strike 0-2: Ball 1-2: Strikes out swinging
|
Top of the 9th over - 1 run, 1 hit, 1 error, 3 left on base; West Michigan 3 - Bowling Green 6 |
|